 Dungeon Crawl Stone Soup version 0.30.0-10-gfe55d96785 (webtiles) character file.

Game seed: 13880730409535374008

46 Jarnaxa the Trooper (level 3, 0/29 HPs)
             Began as a Demonspawn Monk on May 14, 2023.
             Was an Initiate of Yredelemnul.
             Slain by Crazy Yiuf
             ... wielding a +2 quarterstaff of chaos
              (10 damage)
             ... on level 2 of the Dungeon.
             The game lasted 00:02:59 (1362 turns).

Jarnaxa the Trooper (Demonspawn Monk)               Turns: 1362, Time: 00:02:59

Health: 0/29       AC: 10    Str: 13    XL:     3   Next: 44%
Magic:  3/3        EV:  7    Int: 11    God:    Yredelemnul [......]
Gold:   144        SH:  0    Dex: 15    Spells: 2/2 levels left

rFire   . . .        a - +0 mace
rCold   . . .        d - orb {light}
rNeg    . . .        r - +0 chain mail
rPois   .            (no helmet)
rElec   .            (no cloak)
rCorr   .            t - +0 pair of gloves
SInv    .            h - +0 pair of boots
Will    .....        (no amulet) Stlth
                     (no ring)
HPRegen 0.24/turn    (no ring)
MPRegen 0.08/turn

%: no passive effects
@: glowing
A: foul stench 1
a: Renounce Religion, Recall Undead Harvest


You were on level 2 of the Dungeon.
You worshipped Yredelemnul.
Yredelemnul was noncommittal.
You visited 1 branch of the dungeon, and saw 2 of its levels.

You collected 144 gold pieces.

Inventory:

Hand Weapons
 a - a +0 mace (weapon)
Armour
 b - a +0 robe
 d - an orb of light (worn)
 h - a +0 pair of boots (worn)
 r - a +0 chain mail (worn)
 t - a +0 pair of gloves (worn)
Jewellery
 p - an amulet of magic regeneration
 s - a ring of magical power
Scrolls
 g - 2 scrolls of identify {unknown}
 i - 2 scrolls of enchant weapon {unknown}
 j - a scroll of fog {unknown}
 l - a scroll of enchant armour {unknown}
 m - 2 scrolls of immolation {unknown}
 n - a scroll of poison {unknown}
 q - a scroll of vulnerability {unknown}
 u - a scroll of teleportation {unknown}
 v - a scroll of noise {unknown}
Potions
 c - a potion of ambrosia
 e - 2 potions of flight {unknown}
 f - a potion of invisibility {unknown}
 k - a potion of degeneration {unknown}
 o - a potion of curing {unknown}


   Skills:
 + Level 3.5 Fighting
 + Level 3.4 Maces & Flails
 + Level 3.0 Dodging


You had 2 spell levels left.
You didn't know any spells.
Your spell library contained the following spells:

 Spells                   Type           Power      Damage    Failure   Level
 Slow                     Hex            0%         N/A       100%        1
 Confusing Touch          Hex            0%         N/A       100%        3
 Vampiric Draining        Necr           0%         2d6       100%        3
 Petrify                  Tmut/Erth      0%         N/A       100%        4
 Metabolic Englaciation   Hex/Ice        0%         N/A       100%        5
 Statue Form              Tmut/Erth      0%         N/A       100%        6


Dungeon Overview and Level Annotations

Branches:
Dungeon (2/15)

Altars:
Yredelemnul

Annotations:
D:2 Crazy Yiuf


Innate Abilities, Weirdness & Mutations

You may rarely emit foul miasma when damaged in melee.


Message History

Crazy Yiuf cries, "You leg down broken song, no?"
You swap places.
You swap places.
You swap places.
You start resting.
Crazy Yiuf is nearby!
Crazy Yiuf is nearby!
Your adder zombie barely misses Crazy Yiuf.
Crazy Yiuf hits your adder zombie with a +2 quarterstaff of chaos!
Crazy Yiuf burns your adder zombie.
Your adder zombie bites Crazy Yiuf.
Your adder zombie barely misses Crazy Yiuf.
Crazy Yiuf closely misses your adder zombie.
You see here a +0 hammer.
Your adder zombie barely misses Crazy Yiuf.
Crazy Yiuf hits your adder zombie with a +2 quarterstaff of chaos!!
Crazy Yiuf burns your adder zombie.
Your adder zombie is destroyed!
Crazy Yiuf says, "Crazy?
Crazy!?
PORCUPINE!"
Crazy Yiuf hits your ball python zombie with a +2 quarterstaff of chaos!
Your ball python zombie is destroyed!
Crazy Yiuf hits your ball python zombie with a +2 quarterstaff of chaos.
Your ball python zombie bites Crazy Yiuf.
Your ball python zombie barely misses Crazy Yiuf.
Crazy Yiuf barely misses your ball python zombie.
You swap places.
Your ball python zombie closely misses Crazy Yiuf.
Your ball python zombie grabs Crazy Yiuf.
Your ball python zombie constricts Crazy Yiuf.
Crazy Yiuf hits your ball python zombie with a +2 quarterstaff of chaos.
Your ball python zombie is destroyed!
Crazy Yiuf completely misses you.
You hit Crazy Yiuf but do no damage.
Crazy Yiuf is moderately wounded.
Crazy Yiuf barely misses you.
You barely miss Crazy Yiuf.
Crazy Yiuf is moderately wounded.
Crazy Yiuf glowers.
Crazy Yiuf hits you with a +2 quarterstaff of chaos!
You die...
Your body rises from the dead as a mindless zombie.

...............#
#......
......##.Z.Z...#
#......
......##....####
#######
......##....#
#########Z###
#Z###### ###
#.#..#.## ###..)#
#.......####g'...#
###.)..Z@#.Z##...#
##.#..#g### ###
########


You could see Crazy Yiuf (ally target) and a friendly ball python zombie.

Vanquished Creatures
  2 worms (D:2)
  2 dart slugs (D:1)
  4 ball pythons
  2 endoplasms (D:1)
  3 giant cockroaches (D:1)
  A hobgoblin (D:1)
  A quokka (D:1)
  6 bats
  4 frilled lizards
  5 goblins
  3 kobolds
  5 rats
38 creatures vanquished.

Vanquished Creatures (others)
  A hound zombie (D:2)
  An adder zombie (D:2)
  A bat zombie (D:2)
  3 ball python zombies (D:2)
  A jackal zombie (D:2)
7 creatures vanquished.

Grand Total: 45 creatures vanquished

Notes
Turn   | Place    | Note
-------+----------+-------------------------------------------
     0 | D:1      | Jarnaxa the Demonspawn Monk began the quest for the Orb.
     0 | D:1      | Reached XP level 1. HP: 18/18 MP: 1/1
     2 | D:1      | Noticed a demonspawn
     4 | D:1      | Noticed a troll
     6 | D:1      | Noticed a tengu
     6 | D:1      | Noticed an ogre
     8 | D:1      | Noticed a demigod
     8 | D:1      | Noticed a vine stalker
    10 | D:1      | Noticed a vampire
    10 | D:1      | Noticed a human
    12 | D:1      | Noticed a merfolk
    12 | D:1      | Noticed a ghoul
    14 | D:1      | Noticed a draconian
    16 | D:1      | Noticed an octopode
    16 | D:1      | Noticed a gargoyle
    18 | D:1      | Noticed an elf
    18 | D:1      | Noticed a felid
    20 | D:1      | Noticed a naga
    20 | D:1      | Noticed a spriggan
    22 | D:1      | Noticed a meteoran
    22 | D:1      | Noticed a minotaur
    24 | D:1      | Noticed a spriggan
    24 | D:1      | Noticed a formicid
    27 | D:1      | Noticed a vine stalker
    27 | D:1      | Noticed a ghoul
   208 | D:1      | Gained mutation: You may rarely emit foul miasma when
                  | damaged in melee. [demonic ancestry]
   208 | D:1      | Reached XP level 2. HP: 24/24 MP: 2/2
   718 | D:1      | Reached XP level 3. HP: 29/29 MP: 3/3
   819 | D:2      | Found a runed translucent door.
   820 | D:2      | Noticed Crazy Yiuf
  1014 | D:2      | Found a basalt altar of Yredelemnul.
  1023 | D:2      | Became a worshipper of Yredelemnul the Dark
  1023 | D:2      | Reached * piety under Yredelemnul
  1023 | D:2      | Reached ** piety under Yredelemnul
  1148 | D:2      | Reached *** piety under Yredelemnul
  1362 | D:2      | Slain by Crazy Yiuf

Illustrated notes

Levels and vault maps discovered:
D:1:      kb_arrival_jail, layout_basic
D:2:      layout_rooms, basic_altar, uniq_crazy_yiuf_cottage

Skill      XL: |  1  2 |
---------------+-------+-----
Dodging        | 3 |  3.0
Maces & Flails | 3 |  3.4
Fighting       | |  3.5

Action                     || total
---------------------------++-------
  Melee: Mace              ||   107
   Stab: Sleeping          ||     1
 Armour: Robe              ||    23
         Chain mail        ||    11
  Dodge: Dodged            ||    72
